 Dungeon Crawl Stone Soup version 0.22-a0-322-g60b3cfd (webtiles) character file.

1414 Goblin1989 the Changer (level 8, 0/64 HPs)
             Began as an Octopode Transmuter on Apr 5, 2018.
             Slain by a killer bee (7 damage)
             ... on level 7 of the Dungeon.
             The game lasted 00:32:38 (8097 turns).

Goblin1989 the Changer (Octopode Transmuter)        Turns: 8097, Time: 00:32:38

Health: 0/64       AC:  6    Str: 11 (14) XL:     8   Next: 71%
Magic:  7/12       EV: 11    Int: 16 (17) God:
Gold:   232        SH:  0    Dex: 10 (13) Spells: 3/13 levels left

rFire    x . .     SeeInvis .     - Unarmed
rCold    + + +     Gourm    .   (shield currently unavailable)
rNeg     . . .     Faith    .   (helmet currently unavailable)
rPois    +         Spirit   .   (no amulet)
rElec    .         Reflect  .   (no ring)
rCorr    .         Harm     .   (no ring)
MR       .....                  (no ring)
Stlth    +.........             (no ring)
HPRegen  0.20/turn              (no ring)
MPRegen  0.13/turn              (no ring)
                                (no ring)
                                (no ring)

@: mighty, lethally poisoned (0 -> -20), ice-form, flying, very slightly
contaminated, invisible
A: large, almost no armour, stealthy swim, amphibious, 8 rings, (constrict 8)
a: End Transformation


You were on level 7 of the Dungeon.
You were not hungry.
You were a creature of crystalline ice.
You visited 2 branches of the dungeon, and saw 8 of its levels.
You also visited: Sewer.

You collected 304 gold pieces.
You spent 72 gold pieces at shops.

Inventory:

Hand Weapons
 w - a +0 blowgun {@w1}
 y - a +2 dagger of venom
 Q - a +0 flail of holy wrath
 Z - a cursed -3 hunting sling
Missiles
 a - 88 arrows
 m - 199 stones {@Q3}
 x - 31 poisoned needles
 C - 36 sling bullets
 D - 7 tomahawks
 V - 6 javelins (quivered) {@Q2}
Scrolls
 g - 3 scrolls of remove curse {@r2}
 l - 3 scrolls of noise {unknown}
 u - a scroll of fear {unknown}
 z - 2 scrolls of blinking {unknown}
 M - a scroll of magic mapping
 O - a scroll of enchant armour {unknown}
 R - 2 scrolls of identify {@r1}
 S - a scroll of amnesia {unknown}
 T - 3 scrolls of teleportation {!r, @r3}
Potions
 q - 3 potions of agility
 P - a potion of mutation {unknown}
 W - a potion of curing {unknown}
Comestibles
 e - 17 rations
 N - 2 chunks of flesh


   Skills:
 + Level 3.6 Fighting
 + Level 4.0 Dodging
 * Level 5.9 Unarmed Combat
 + Level 3.2 Spellcasting
 * Level 6.2 Transmutations
 * Level 3.1 Ice Magic


You had 3 spell levels left.
You knew the following spells:

 Your Spells              Type           Power        Failure   Level  Hunger
a - Beastly Appendage     Tmut           ###...       1%          1    None
b - Spider Form           Tmut/Pois      ##........   16%         3    ###....
c - Sticks to Snakes      Tmut           ###.....     1%          2    ##.....
d - Ice Form              Ice/Tmut       ###.....     26%         4    ####...


Dungeon Overview and Level Annotations

Branches:
Dungeon (7/15)             Temple (1/1) D:6

Altars:
Ashenzari
Cheibriados
Dithmenos
Elyvilon
Fedhas
Hepliaklqana
Makhleb
Nemelex Xobeh
Okawaru
Qazlal
Ru
Sif Muna
Trog
Uskayaw
Vehumet
Wu Jian
Yredelemnul
Zin
The Shining One

Shops:
D:4 ?

Annotations:
D:3 Goblin1989's ghost, amateur DsTm
D:4 2 transporters


Innate Abilities, Weirdness & Mutations

You cannot wear most types of armour.
You are very stealthy in the water. (Stealth+)
You are amphibious.
You can wear up to eight rings at the same time.
((You can use your tentacles to constrict eight enemies at once.))
((Your skin changes colour to match your surroundings (Stealth+).))
((Your rubbery body absorbs attacks. (AC +1, EV +1)))


Message History

Your transformation is almost over.
Health restored: 63; MP restored: 12 You warm up again.
A worker ant comes into view.
You now have 53/53 hp.
Casting: Ice Form (quite dangerous; 26% risk of failure)
Confirm with . or Enter, or press ? or * to list all spells.
You turn into a venomous arachnid creature.
You now have 9/12 mp.
Unknown command. 2 killer bees come into view.
The killer bee buzzes angrily. x2; You hear an angry buzzing noise.
The worker ant completely misses you. 3 killer bees and an ogre come into view.
The ogre shouts!
The killer bee buzzes angrily. x2
You hit the worker ant.
The worker ant is poisoned.
The worker ant is lightly wounded.
You hear an angry hiss.
The worker ant completely misses you.
A killer bee comes into view.
You barely miss the worker ant.
The worker ant is lightly wounded.
The worker ant bites you.
You are poisoned.
The worker ant poisons you!
You take 2 damage, and have 51/53 hp.
You hit the worker ant but do no damage.
The worker ant looks as sick as possible!
The worker ant is lightly wounded.
You feel sick. The worker ant closely misses you.
An adder comes into view.
You take 2 damage, and have 49/53 hp.
You hit the worker ant.
The worker ant is heavily wounded.
You feel sick.
You kill the worker ant!
The killer bee closely misses you. The killer bee barely misses you. x2
You closely miss the killer bee.
You feel sick. The killer bee misses you. The killer bee stings you! x2
You are more poisoned.
The killer bee poisons you! The killer bee closely misses you. x2
The killer bee completely misses you. The killer bee closely misses you.
The killer bee completely misses you. The killer bee stings you!
* * * LOW HITPOINT WARNING * * *
The killer bee closely misses you.
You take 25 damage, and have 24/54 hp.
MASSIVE DAMAGE!!
* * * LOW HITPOINT WARNING * * *
You feel very sick. The killer bee misses you. x2
You take 3 damage, and have 21/54 hp.
* * * LOW HITPOINT WARNING * * *
You feel sick. The killer bee misses you.
You take 1 damage, and have 20/54 hp.
Okay, then.
Unknown command.
You fade into invisibility!
* * * LOW HITPOINT WARNING * * *
You feel sick. The killer bee closely misses you.
The killer bee completely misses you.
You are very lightly contaminated with residual magic.
You take 2 damage, and have 18/54 hp.
Your transformation has ended.
* * * LOW HITPOINT WARNING * * *
You feel sick. The killer bee stings you.
* * * LOW HITPOINT WARNING * * *
The killer bee barely misses you.
You take 7 damage, and have 11/54 hp.
You feel much better.
You feel sick. The killer bee completely misses you. The killer bee stings you!
* * * LOW HITPOINT WARNING * * *
You are lethally poisoned!
The killer bee poisons you!
You regained 11 hp, and now have 22/54 hp.
Casting: Spider Form (safe; 14% risk of failure)
Confirm with . or Enter, or press ? or * to list all spells.
You turn into a creature of crystalline ice.
* * * LOW HITPOINT WARNING * * *
You feel very sick. The killer bee closely misses you. x2
You now have 23/64 hp.
It was a potion of degeneration.
There was something very wrong with that liquid.
You feel weakened.
You feel dopey.
You feel clumsy.
* * * LOW HITPOINT WARNING * * *
You feel sick. The killer bee stings you.
* * * LOW HITPOINT WARNING * * *
The killer bee stings you.
* * * LOW HITPOINT WARNING * * *
You take 12 damage, and have 11/64 hp.
It was a potion of flight.
You feel very buoyant.
You fly up into the air.
* * * LOW HITPOINT WARNING * * *
You feel sick. The killer bee closely misses you. x2
You take 1 damage, and have 10/64 hp.
You feel very mighty all of a sudden.
* * * LOW HITPOINT WARNING * * *
You feel very sick. The killer bee stings you!
You die...

█ ██ .. █. ..███ █. .....█
█. ...... ██. ......█ █..
......S█████████████████..
......OyyY................
......yy███████████.......
......†..█ ███████.
.........█ ██ .......... █
..........█ ████.....██


███████ You could see an ogre, 4 killer bees and an adder.

Vanquished Creatures
  Edmund (D:6)
  A water moccasin (D:7)
  An orc warrior (D:3)
  An eye of draining (D:6)
  A sky beast (D:6)
  An ogre (D:4)
  A centaur (D:5)
  A crocodile (D:6)
  2 bullfrogs (D:6)
  3 scorpions
  A hound (D:5)
  An orc wizard (D:5)
  3 iguanas
  3 worker ants
  5 adders
  A shadow imp (D:5)
  An adder skeleton (D:7)
  2 worms
  6 dart slugs
  5 leopard geckos
  10 orcs
  4 bats
  6 giant cockroaches
  5 goblins
  3 hobgoblins
  17 jackals
  A quokka (D:6)
  8 ball pythons
  8 frilled lizards
  A jackal zombie (D:6)
  14 kobolds
  A leopard gecko skeleton (D:6)
  A quokka skeleton (D:5)
  4 rats (D:1)
124 creatures vanquished.

Notes
Turn   | Place    | Note
-------+----------+-------------------------------------------
     0 | D:1      | Goblin1989 the Octopode Transmuter began the quest for the Orb.
     0 | D:1      | Reached XP level 1. HP: 13/13 MP: 3/3
   351 | D:1      | Reached XP level 2. HP: 16/18 MP: 5/5
   434 | D:1      | Reached skill level 3 in Transmutations
   873 | D:1      | Reached XP level 3. HP: 21/23 MP: 6/6
   957 | D:1      | Learned a level 3 spell: Spider Form
   960 | D:1      | Learned a level 2 spell: Sticks to Snakes
  1493 | D:2      | Found a shattered altar of Ashenzari.
  1676 | D:2      | Reached skill level 4 in Transmutations
  1916 | D:2      | Reached XP level 4. HP: 28/28 MP: 4/7
  2378 | D:3      | Noticed Goblin1989's ghost (amateur DsTm)
  2448 | D:2      | Goblin1989: !lg goblin1989 s=-god
  2448 | D:2      | beem: 2409 games for goblin1989: 2x Pakellas, 3x Beogh, 4x Jiyva, 5x Zin, 6x Yredelemnul, 8x Nemelex Xobeh, 9x Kikubaaqudgha, 9x Sif Muna, 9x The Shining One, 12x Wu Jian, 12x Qazlal, 15x Uskayaw, 17x Fedhas, 22x Elyvilon, 24x Vehumet, 31x Hepliaklqana, 32x Xom, 32x Dithmenos, 35x Ashenzari, 35x Lugonu, 47x Ru, 72x Cheibriados, 94x Makhleb, 106x Trog, 156x Gozag, 159x Okawaru, 1453x
  2680 | D:3      | Found a shattered altar of Ashenzari.
  2688 | D:3      | Noticed an orc warrior
  2796 | D:3      | Killed an orc warrior
  2796 | D:3      | Reached XP level 5. HP: 15/33 MP: 4/8
  3646 | D:4      | Found a transporter.
  3647 | D:4      | Noticed an eye of draining
  3650 | D:4      | Found a transporter.
  3654 | D:4      | Noticed a two-headed ogre
  3655 | D:4      | Noticed a two-headed ogre
  3656 | D:4      | Found a sacrificial altar of Ru.
  3656 | D:4      | Found an ornate altar of the Wu Jian Council.
  3663 | D:4      | Found a glowing golden altar of the Shining One.
  3679 | D:4      | Found Cosoh's Magic Scroll Boutique.
  3695 | D:4      | Bought a scroll of identify for 24 gold pieces
  3695 | D:4      | Bought a scroll of remove curse for 36 gold pieces
  3695 | D:4      | Bought a scroll of random uselessness for 12 gold pieces
  3957 | D:4      | Found a white marble altar of Elyvilon.
  3958 | D:4      | Noticed an ogre
  3974 | D:4      | Killed an ogre
  3974 | D:4      | Reached XP level 6. HP: 39/39 MP: 5/9
  4140 | D:4      | Noticed a phantom
  4301 | D:5      | Entered Level 5 of the Dungeon
  4362 | D:5      | Reached skill level 5 in Transmutations
  4594 | D:5      | Oozefury: ку
  4612 | D:5      | Goblin1989: ghbdtn
  4612 | D:5      | Goblin1989: привет
  4780 | D:5      | Reached XP level 7. HP: 23/45 MP: 5/10
  5098 | D:5      | Oozefury: =R это типа чтоб не снималось?
  5237 | D:5      | Learned a level 4 spell: Ice Form
  5237 | D:5      | Goblin1989: да
  5237 | D:5      | Oozefury: ок
  5237 | D:5      | Goblin1989: я обычно ставлю если какое-нибудь крутое кольцо есть
  5237 | D:5      | Goblin1989: его помечаю, а оставшийся слот меняю по ситуации
  5350 | D:6      | Oozefury: ага, понятно
  5380 | D:6      | Reached skill level 5 in Unarmed Combat
  5397 | D:6      | Found a staircase to the Ecumenical Temple.
  5406 | Temple   | Entered the Ecumenical Temple
  5456 | D:6      | Noticed Edmund
  5506 | D:6      | Reached skill level 1 in Ice Magic
  5611 | D:6      | Reached XP level 8. HP: 31/52 MP: 9/12
  5646 | D:6      | Found a glowing drain.
  5664 | Sewer    | Entered a sewer
  5665 | Sewer    | Goblin1989: лан, я на обед пошел
  7239 | D:6      | Reached skill level 6 in Transmutations
  7368 | D:6      | Killed Edmund
  8097 | D:7      | Slain by a killer bee

Vault maps used:
D:1:      eino_arrival_cavern_b, kennysheep_boxes
D:2:      overflow_temple_1_default, first_ration
D:3:      cheibrodos_ashenzari_chains
D:4:      gammafunk_temple_overflow_arena, elyvilon_altar_5, serial_shops,
          shop_fountains
D:6:      minmay_temple_entry_overgrown, cheibrodos_sewer_entry_bend,
          uniq_edmund
D:7:      grunt_ogre_cave
Temple:   zaba_magenta_temple
Sewer:    sewer_co_scattered_pipes

Skill      XL: |  1  2  3  4  5  6  7  8 |
---------------+-------------------------+-----
Transmutations | 3 4 5 6 |  6.2
Fighting       | 2 3 |  3.6
Unarmed Combat | 4 5 |  5.9
Dodging        | 3 4 |  4.0
Ice Magic      | 1 3 |  3.1
Spellcasting   | 3 |  3.2

Action                   |  1- 3 |  4- 6 |  7- 9 || total
-------------------------+-------+-------+-------++-------
Melee: Unarmed           |    91 |   104 |   159 ||   354
       Constrict         |    24 |    10 |    12 ||    46
       Kick              |     5 |       |       ||     5
       Tentacles         |    16 |     8 |     6 ||    30
       Punch             |     2 |       |     2 ||     4
Throw: Stone             |       |    10 |       ||    10
       Javelin           |       |       |     1 ||     1
 Cast: Beastly Appendage |     4 |       |       ||     4
       Spider Form       |     2 |    14 |    20 ||    36
       Sticks to Snakes  |     1 |     3 |     3 ||     7
       Ice Form          |       |       |     2 ||     2
 Abil: End Transformatio |       |       |     1 ||     1
  Use: Scroll            |       |     5 |     5 ||    10
       Potion            |       |     2 |     6 ||     8
 Stab: Sleeping          |     7 |     2 |     5 ||    14
       Distracted        |       |     1 |       ||     1
  Eat: Chunk             |     3 |    11 |    10 ||    24
       Ration            |       |       |     1 ||     1
Armor: Skin              |     7 |    24 |     6 ||    37
Dodge: Dodged            |    59 |    79 |   128 ||   266

Table legend:
 A = Spawn XP
 B = Non-spawn XP
 C = Spawn XP percentage of total XP
 D = Spawn monster count
 E = Non-spawn monster count
 F = Spawn count percentage of total count
 G = Total turns spent on level
                    A         B        C        D         E        F      G
               +---------+---------+-------+---------+---------+-------+---------
         Total |       0 |    2021 |   0.0 |       0 |     124 |   0.0 |  8097
               +---------+---------+-------+---------+---------+-------+---------
           D:1 |       0 |      42 |   0.0 |       0 |      21 |   0.0 |  1399
           D:2 |       0 |      59 |   0.0 |       0 |      23 |   0.0 |  1046
           D:3 |       0 |     188 |   0.0 |       0 |       9 |   0.0 |  1037
           D:4 |       0 |     147 |   0.0 |       0 |       8 |   0.0 |   819
           D:5 |       0 |     377 |   0.0 |       0 |      14 |   0.0 |  1061
           D:6 |       0 |     984 |   0.0 |       0 |      20 |   0.0 |  1412
           D:7 |       0 |     189 |   0.0 |       0 |       6 |   0.0 |   394
         Sewer |       0 |      35 |   0.0 |       0 |      23 |   0.0 |   803
               +---------+---------+-------+---------+---------+-------+---------

Vault maps used:
D:1:      eino_arrival_cavern_b, kennysheep_boxes
D:2:      overflow_temple_1_default, first_ration
D:3:      cheibrodos_ashenzari_chains
D:4:      gammafunk_temple_overflow_arena, elyvilon_altar_5, serial_shops,
          shop_fountains
D:6:      minmay_temple_entry_overgrown, cheibrodos_sewer_entry_bend,
          uniq_edmund
D:7:      grunt_ogre_cave
Temple:   zaba_magenta_temple
Sewer:    sewer_co_scattered_pipes
